AoeStats
← ihate

Arabian Desert

510558285Analyzed
1v1 RM · 11h ago on Oct 1, 2026· 28m 1s· 2 players
Game mode
Random Map
Map size
Tiny (2 player)
Population
200
Speed
Normal
Resources
Standard
Victory
Conquest
Starting age
Dark Age
Ending age
Imperial Age
RankedLock teamsTeams togetherTeam positionsShared explorationLock speedFull tech treeHidden civsTurbo modeCheats
Victory
Defeat
🇩🇪 Varangians · Germany
1092
+18
🇩🇪 Goths · Germany
1135
-18
ihate
10:07 Feudal Age
10:05 Loom
10:44 Double-Bit Axe
11:46 Bloodlines
21:29 Castle Age
21:46 Forging
21:43 Scale Barding Armor
22:44 Horse Collar
24:19 Gold Mining
25:43 Chain Barding Armor
26:00 Iron Casting
25:27 Husbandry
BeefJerky
1:07 Loom
9:11 Feudal Age
10:27 Double-Bit Axe
11:36 Town Watch
12:13 Man-at-Arms
16:21 Horse Collar
17:32 Forging
19:38 Wheelbarrow
23:37 Castle Age
21:51 Scale Mail Armor
24:16 Long Swordsman
25:19 Squires
25:37 Chain Mail Armor
25:58 Iron Casting
25:50 Bow Saw
25:43 Heavy Plow
Connection lost

Rejoining the realm…

Still unreachable

The connection could not be restored.

Session expired

The server has moved on; the page needs a fresh start.